AoeStats
← CEO of autism

Arabia

505083500Analyzed
2v2 RM · 24d ago on Sep 7, 2026· 25m 51s· 4 players
Game mode
Random Map
Map size
Medium (4 player)
Population
200
Speed
Normal
Resources
Standard
Victory
Conquest
Starting age
Dark Age
Ending age
Imperial Age
RankedLock teamsTeams togetherTeam positionsShared explorationLock speedFull tech treeHidden civsTurbo modeCheats
Victory
Defeat
1178
+8
🇲🇽 Mongols · Mexico
840
+20
🇫🇷 Franks · France
964
-14
🇫🇷 Bohemians · France
961
-14
<color=0/0.7/0.7>🎀Arrow🎀
7:22 Loom
10:48 Feudal Age
13:58 Bloodlines
16:32 Double-Bit Axe
24:26 Wheelbarrow
28:28 Castle Age
Mt Dangerous
10:12 Feudal Age
18:28 Castle Age
16:26 Horse Collar
Mr Ble
9:43 Loom
11:55 Feudal Age
12:35 Double-Bit Axe
16:46 Fletching
18:48 Padded Archer Armor
CEO of autism
11:06 Feudal Age
9:50 Loom
12:26 Double-Bit Axe
19:27 Gold Mining
26:28 Castle Age
25:05 Wheelbarrow
24:41 Stone Mining
25:13 Forging
26:29 Scale Barding Armor
Connection lost

Rejoining the realm…

Still unreachable

The connection could not be restored.

Session expired

The server has moved on; the page needs a fresh start.